 Dungeon Crawl Stone Soup version 0.17.1-3-g152610e (webtiles) character file.

535 ololoev the Chopper (level 7, 0/52 HPs)
             Began as a Demonspawn Fighter on Feb 17, 2016.
             Was a Follower of Okawaru.
             Succumbed to a water moccasin's poison
             ... on level 8 of the Dungeon.
             The game lasted 00:10:06 (1124 turns).

ololoev the Chopper (Demonspawn Fighter)            Turns: 1124, Time: 00:10:07

Health: 0/52       AC: 15    Str: 18      XL:     7   Next: 4%
Magic:  4/7        EV:  8    Int:  6 (10) God:    Okawaru [*.....]
Gold:   84         SH:  0    Dex: 15      Spells: 0 memorised, 6 levels left

rFire  . . .     SeeInvis .     a - +0 war axe
rCold  . . .     Clarity  .     k - +1 plate armour
rNeg   . . .     SustAt   .     (no shield)
rPois  .         Gourm    .     (no helmet)
rElec  .         Spirit   .     (no cloak)
rCorr  .         Warding  .     (no gloves)
rMut   .         Stasis   .     (boots unavailable)
MR     .....                    (no amulet)
Stlth  ..........               (no ring)
                                h - +3 ring of dexterity

@: lethally poisoned (0 -> -8), about to teleport, heroism, not resistant to
hostile enchantments, extremely unstealthy
A: talons 3, demonic guardian 1
a: Heroism, Renounce Religion


Innate Abilities, Weirdness & Mutations

You have claws for feet.
A weak demonic guardian rushes to your aid.

Inventory:

Hand Weapons
 a - a +0 war axe (weapon)
Armour
 k - a +1 plate armour (worn)
Jewellery
 h - a +3 ring of dexterity (left hand)
Wands
 i - a wand of magic darts (23)
 j - a wand of teleportation (5)
 l - a wand of fire (0)
Scrolls
 g - a scroll of enchant weapon
Potions
 d - a potion of might
Comestibles
 b - 2 fruits
 e - 2 bread rations
 f - 2 meat rations
 m - a beef jerky
 o - 2 chunks of flesh


   Skills:
 - Level 3.0(8.0) Fighting
 * Level 5.5(10.5) Axes
 + Level 2.0(7.0) Throwing
 + Level 4.4(9.4) Armour
   Level 2.6(7.6) Shields


You had 6 spell levels left.
You didn't know any spells.


You were on level 8 of the Dungeon.
You worshipped Okawaru.
Okawaru was aware of your devotion.
You were not hungry.

You visited 2 branches of the dungeon, and saw 9 of its levels.

You collected 144 gold pieces.
You spent 60 gold pieces at shops.

# .######## .##.....#
.#.####### ..##.###.##..
...?...@†##..##.#.#.#_..
...#####.....##.#<####..
#.#####.....##.#.####8.
........###.##.#...# ##
#.#####.######.#.###
#............#.#
#.###.........####.#
#..................
#.#.........####...

Notes
Turn   | Place    | Note
--------------------------------------------------------------
     0 | D:1      | ololoev the Demonspawn Fighter began the quest for the Orb.
     0 | D:1      | Reached XP level 1. HP: 18/18 MP: 1/1
   138 | D:2      | Gained mutation: You have sharp toenails. [demonic ancestry]
   138 | D:2      | Reached XP level 2. HP: 24/24 MP: 2/2
   201 | D:3      | Reached XP level 3. HP: 26/29 MP: 3/3
   215 | D:4      | Gained mutation: A weak demonic guardian rushes to your aid. [demonic ancestry]
   215 | D:4      | Reached XP level 4. HP: 32/35 MP: 4/4
   354 | D:4      | Noticed Edmund
   362 | D:4      | Killed Edmund
   362 | D:4      | Reached skill level 4 in Axes
   362 | D:4      | Reached XP level 5. HP: 35/41 MP: 5/5
   370 | D:4      | Found a staircase to the Ecumenical Temple.
   405 | Temple   | Entered the Ecumenical Temple
   422 | Temple   | Became a worshipper of Warmaster Okawaru
   528 | D:5      | Entered Level 5 of the Dungeon
   609 | D:7      | Noticed Pikel
   609 | D:7      | Noticed a slave
   609 | D:7      | Noticed a slave
   609 | D:7      | Noticed a slave
   609 | D:7      | Noticed a slave
   626 | D:6      | Killed a slave
   824 | D:6      | Reached skill level 1 in Throwing
   824 | D:6      | Gained mutation: You have razor-sharp toenails. [demonic ancestry]
   824 | D:6      | Reached XP level 6. HP: 9/47 MP: 6/6
   850 | D:7      | Found Zuc Weogh's Assorted Antiques.
   854 | D:7      | Bought a scroll labeled COXZUA PEYDD for 30 gold pieces
   854 | D:7      | Bought a scroll labeled REEKAU DUMMUST for 30 gold pieces
   861 | D:6      | Reached skill level 5 in Axes
   996 | D:7      | HP: 2/47 [electric eel/bolt of electricity (7)]
  1082 | D:8      | Found a stormy altar of Qazlal.
  1108 | D:8      | Noticed a water moccasin
  1112 | D:8      | Reached * piety under Okawaru
  1121 | D:8      | Killed a water moccasin
  1121 | D:8      | Gained mutation: You have claws for feet. [demonic ancestry]
  1121 | D:8      | Reached XP level 7. HP: 4/52 MP: 4/7
  1122 | D:8      | HP: 2/52 [poisoned by a water moccasin]
  1124 | D:8      | Succumbed to a water moccasin's poison

Dungeon Overview and Level Annotations

Branches:
Dungeon (8/15)             Temple (1/1) D:4
   Lair: D:8-11

Altars:
Gozag
Okawaru
Qazlal
Ru

Shops:
D:7 *

Annotations:
D:7 Pikel


Message History

The water moccasin poisons you!
The water moccasin bites you but does no damage.
You completely miss the water moccasin.
You claw the water moccasin, but do no damage.
The water moccasin is severely wounded.
You feel sick.
The water moccasin bites you but does no damage.
Unknown command.
You miss the water moccasin. Your kick misses the water moccasin.
The water moccasin is severely wounded.
You feel sick.
The water moccasin bites you but does no damage.
Unknown command.
You closely miss the water moccasin. Your kick misses the water moccasin.
The water moccasin is heavily wounded.
You feel sick.
The water moccasin bites you but does no damage. x2
Unknown command.
You slice the water moccasin!!
You kill the water moccasin!
Okawaru is honoured by your kill.
Your base Throwing skill increases to level 2!
You have reached level 7!
Your demonic ancestry asserts itself...
Your feet stretch into talons.
You feel sick.
Drink which item? (? for menu, Esc to quit)
It was a potion of degeneration.
There was something very wrong with that liquid.
You feel dopey.
You feel sick.
Drink which item? (? for menu, Esc to quit)
Okay, then.
Evoke which item? (* to show all) (? for menu, Esc to quit)
Zapping:
j - a wand of teleportation (will waste charges)
Press: ? - help, Shift-Dir - straight line, f - you You feel strangely unstable.
Evoking this partially-identified wand wasted a few charges.
You feel sick.
You die...

There were no monsters in sight!

Vanquished Creatures
  Edmund (D:4)
  A water moccasin (D:8)
  A slave (D:6)
  A wyvern skeleton (D:6)
  An orc wizard (D:4)
  2 orc priests (D:7)
  An iguana (D:6)
  6 adders
  An ooze (D:4)
  An adder zombie (D:6)
  A worm (D:3)
  A giant gecko (D:6)
  9 orcs
  A giant cockroach (D:4)
  3 goblins
  A hobgoblin (D:1)
  A quokka (D:6)
  2 bats
  A giant gecko skeleton (D:7)
  3 giant newts
  A jackal skeleton (D:6)
40 creatures vanquished.

Vanquished Creatures (collateral kills)
  A giant frog (D:6)
  A scorpion (D:8)
2 creatures vanquished.

Grand Total: 42 creatures vanquished

Action                   |  1- 3 |  4- 6 |  7- 9 || total
-------------------------+-------+-------+-------++-------
Melee: War axe           |    43 |   121 |       ||   164
Invok: Heroism           |       |     1 |       ||     1
Evoke: Wand              |       |     7 |     1 ||     8
  Use: Potion            |     2 |     5 |     1 ||     8
       Scroll            |       |     6 |       ||     6
 Stab: Invisible         |       |     1 |       ||     1
  Eat: Chunk             |       |     1 |       ||     1

Vault maps used:
D:1:      minmay_arrival_four_circles
D:2:      old_standard_altar, first_bread
D:4:      minmay_temple_entry_large_hall, solitary_fountain, uniq_edmund
D:5:      kennysheep_ying_yang, dk_noncrumbling_2
D:6:      okawaru_gym_becter, uniq_sigmund
D:7:      serial_shops, shop, minivault_4, kennysheep_windowed_goal, uniq_pikel
D:8:      nicolae_dithmenos_shadow_blocks, nicolae_overflow_hidden_temple,
          grunt_lair_entry_elf_guard_hut, enter_ossuary_5
Temple:   jpeg_temple_clearing_12
